Map: Eternal Empire LE

Players

liquidthermy (uThermal) - Winner!

  • Race: Terran Terran
  • Spawn Location: 7:00

Kelazhur

  • Race: Terran Terran
  • Spawn Location: 1:00

Event: StayAtHomestory Cup #2

VOD

Have the link to the VOD?

Description

Time

  • Played on: June 11, 2020, 1:31 p.m.
  • Length: 10:27

All games in this series

Show
View Real Time Build Order
Export as new Build Order

liquidthermy Terran - Winner!

Build Orders: Reaper Expand 

Get SALT Encoding   

  12  0:01  SCV  
  13  0:13  SCV  
  14  0:17  Supply Depot  
  14  0:25  SCV  
  15  0:39  SCV  
  15  0:40  Barracks  
  16  0:43  Refinery  
  16  0:51  SCV  
  17  1:03  SCV  
  18  1:15  SCV  
  19  1:28  Orbital Command, Reaper  
  20  1:40  Command Center  
  20  1:48  Supply Depot  
  20  1:53  SCV  
  21  1:59  Marine  
  22  2:05  SCV  
  22  2:07  Factory  
  23  2:13  Refinery  
  23  2:19  Bunker  
  23  2:20  SCV  
  23  2:22  Barracks Reactor  
  24  2:32  SCV  
  25  2:44  SCV  
  25  2:51  Hellion, Starport  
  28  2:52  Orbital Command  
  28  2:56  SCV  
  29  3:00  Marine  
  29  3:01  Marine  
  31  3:08  SCV  
  32  3:12  Factory Tech Lab  
  32  3:17  Marine  
  32  3:18  SCV  
  32  3:19  Marine  
  35  3:21  SCV  
  36  3:29  Refinery  
  36  3:30  SCV  
  36  3:33  SCV  
  38  3:35  Marine  
  38  3:37  Raven, Marine, Factory Tech Lab  
  38  3:40  Supply Depot  
  42  3:42  SCV  
  42  3:45  SCV  
  44  3:54  SCV  
  46  3:58  SCV  
  49  4:07  SCV, Siege Tank  
  50  4:10  SCV  
  50  4:13  Command Center  
  50  4:19  Supply Depot  
  50  4:20  Raven  
  50  4:22  SCV x2  
  54  4:29  Refinery  
  54  4:31  Supply Depot  
  54  4:40  SCV x2, Siege Tank, Marine x2  
  60  4:52  SCV x2  
  60  4:56  Engineering Bay  
  60  4:57  Engineering Bay  
  60  4:58  Marine x2  
  63  5:03  Raven  
  63  5:05  SCV x2, Supply Depot  
  67  5:12  Siege Tank  
  70  5:15  Supply Depot  
  70  5:24  Marine x2  
  70  5:25  SCV x2  
  70  5:26  Orbital Command  
  74  5:29  Terran Infantry Armor Level 1, Terran Infantry Weapons Level 1  
  74  5:37  SCV x2  
  78  5:45  Siege Tank  
  78  5:49  SCV x2  
  81  5:55  Starport Reactor, Stimpack  
  81  5:56  Marine  
  80  6:01  SCV x2, Barracks  
  80  6:02  Barracks  
  82  6:04  Orbital Command  
  82  6:13  SCV x2, Barracks  
  82  6:14  Barracks  
  82  6:17  Siege Tank, Marine  
  88  6:21  Supply Depot  
  88  6:25  SCV x2  
  88  6:33  SCV  
  88  6:37  Missile Turret, SCV x2  
  88  6:38  Starport Reactor  
  91  6:40  Missile Turret  
  91  6:41  Missile Turret  
  91  6:43  Armory  
  91  6:45  SCV, Marine  
  93  6:49  SCV, Siege Tank  
  93  6:50  Marine x2  
  93  6:53  SCV  
  100  6:54  Supply Depot  
  100  6:55  Marine x2  
  100  6:59  Refinery  
  100  7:00  SCV  
  103  7:01  SCV  
  103  7:02  Marine, Barracks Tech Lab x2, Refinery  
  103  7:05  SCV  
  106  7:11  Marine x2  
  106  7:13  SCV  
  109  7:16  Medivac x2  
  109  7:21  Supply Depot  
  113  7:23  Combat Shield  
  113  7:24  Marine, Concussive Shells  
  113  7:25  Marine, Command Center, Marauder  
  117  7:30  Siege Tank  
  117  7:40  Terran Infantry Weapons Level 2  
  117  7:42  Marine  
  117  7:43  Supply Depot x2, Marauder  
  119  7:47  Terran Infantry Armor Level 2  
  119  7:50  Marine x2  
  119  7:51  Marauder x2  
  124  7:54  SCV  
  125  8:04  Marine, Medivac  
  125  8:05  Marauder  
  130  8:07  SCV  
  130  8:09  Marine, Supply Depot  
  131  8:14  Medivac  
  131  8:16  Marine  
  131  8:18  Marine  
  135  8:27  Siege Tank  
  137  8:30  Marine, Marauder  
  140  8:34  Medivac  
  140  8:40  Marine  
  140  8:41  Marauder x2  
  147  8:45  Marine  
  147  8:48  Orbital Command  
  148  8:49  Medivac  
  148  8:51  SCV  
  140  9:01  Marine  
  140  9:02  Marauder  
  143  9:04  SCV  
  143  9:07  Marine, Marauder x2  
  143  9:08  Refinery  
  143  9:09  Medivac  
  151  9:19  Marine  
  151  9:23  SCV, Marauder  
  155  9:26  SCV x2, Marine  
  155  9:27  Marine x2  
  155  9:29  Marauder x2  
  164  9:34  Medivac  
  164  9:40  Marine  
  164  9:44  Marine  
  164  9:46  Marauder  
  164  9:55  Marine x2  
  164  9:59  Marauder  
  164  10:02  Orbital Command  
  164  10:05  SCV  
  164  10:10  Supply Depot  
  164  10:11  Supply Depot  
  164  10:14  SCV  
Show
View Real Time Build Order
Export as new Build Order

Kelazhur Terran 

Build Orders: 2 Factory, Cyclone Opening, Mech 

Get SALT Encoding   

  12  0:00  SCV  
  13  0:12  SCV  
  14  0:17  Supply Depot  
  14  0:24  SCV  
  14  0:27  Refinery  
  15  0:38  SCV  
  16  0:44  Barracks  
  16  0:50  SCV  
  16  0:54  Refinery  
  17  1:02  SCV  
  18  1:14  SCV  
  19  1:30  Orbital Command  
  19  1:32  Factory  
  19  1:36  Reaper  
  20  1:43  Supply Depot  
  20  1:56  SCV  
  21  2:08  SCV, Barracks Tech Lab  
  22  2:20  SCV  
  23  2:28  Command Center  
  23  2:33  Cyclone  
  23  2:36  SCV  
  27  2:43  Factory  
  27  2:48  SCV  
  28  2:52  Supply Depot  
  28  2:58  Barracks Tech Lab  
  28  3:00  SCV  
  29  3:12  SCV  
  30  3:13  Cyclone  
  33  3:24  SCV  
  33  3:25  Refinery  
  34  3:30  Mag-Field Accelerator  
  34  3:35  Cyclone  
  34  3:37  SCV  
  34  3:40  Orbital Command  
  37  3:49  Cyclone  
  37  3:51  SCV  
  41  4:03  SCV  
  41  4:06  SCV  
  43  4:11  Cyclone  
  43  4:15  SCV  
  47  4:17  Supply Depot  
  47  4:18  SCV  
  47  4:22  Cyclone  
  51  4:27  SCV  
  51  4:30  SCV  
  53  4:39  SCV  
  53  4:43  SCV  
  53  4:44  Supply Depot  
  55  4:46  Cyclone  
  55  4:52  SCV  
  59  4:54  Starport  
  59  4:55  SCV  
  60  5:04  SCV  
  61  5:07  SCV  
  62  5:15  Command Center  
  62  5:16  SCV  
  62  5:19  SCV, Supply Depot  
  64  5:25  Siege Tank x2  
  70  5:29  Refinery  
  70  5:37  Barracks Reactor  
  70  5:40  Supply Depot  
  70  5:41  SCV x2, Viking  
  70  5:42  Supply Depot  
  74  5:53  SCV x2  
  74  6:03  Siege Tank  
  74  6:04  Siege Tank  
  80  6:05  SCV x2  
  82  6:12  Factory  
  82  6:17  SCV x2  
  84  6:19  Barracks Reactor  
  84  6:29  SCV x2, Orbital Command  
  84  6:31  Viking x2  
  90  6:38  Engineering Bay  
  90  6:39  Supply Depot  
  90  6:41  SCV x2  
  92  6:49  Orbital Command  
  92  6:50  Siege Tank x2  
  98  7:00  SCV x2  
  100  7:10  Viking x2, Refinery  
  100  7:12  SCV x2  
  100  7:13  Refinery  
  103  7:22  SCV  
  104  7:24  SCV x2  
  104  7:29  Siege Tank  
  109  7:34  SCV  
  109  7:36  SCV x2  
  112  7:40  Viking  
  112  7:43  Hellion  
  116  7:46  SCV  
  116  7:50  Supply Depot x2  
  117  7:52  Supply Depot  
  117  7:53  SCV x2, Hellion, Supply Depot  
  117  7:54  Siege Tank  
  121  7:59  SCV  
  120  8:05  SCV  
  120  8:09  SCV, Viking  
  120  8:10  Viking  
  120  8:11  SCV  
  120  8:16  Hellion x2, Siege Tank  
  120  8:17  SCV  
  126  8:20  Sensor Tower  
  126  8:21  SCV  
  126  8:24  Infernal Pre-Igniter  
  127  8:28  Missile Turret  
  127  8:29  Missile Turret  
  127  8:30  Missile Turret, Siege Tank  
  127  8:31  SCV  
  131  8:37  SCV  
  131  8:40  SCV  
  133  8:43  Hellion  
  133  8:44  Widow Mine  
  137  8:48  Sensor Tower  
  137  8:53  Missile Turret, SCV  
  137  8:55  Missile Turret, Siege Tank  
  118  8:56  Viking  
  118  8:57  Viking  
  122  9:03  Siege Tank  
  122  9:08  Armory  
  122  9:09  Hellion  
  127  9:10  Armory  
  127  9:19  Widow Mine  
  129  9:25  Factory x2  
  129  9:27  Missile Turret  
  129  9:31  Command Center  
  129  9:35  Hellion  
  123  9:41  SCV x2  
  123  9:43  SCV  
  121  9:49  Siege Tank x2  
  120  9:53  SCV x2  
  120  9:56  SCV  
  120  9:58  Hellion x2  
  122  10:05  SCV  
  121  10:07  Supply Depot  
  121  10:09  Supply Depot  
  98  10:22  Refinery x2  
Tags
 
Add a new tag
Caveats
  • Supply blocks, unpowered buildings, or Contaminate may cause inaccurate times.
  • Supply counts are checked every 10 seconds.